 Dungeon Crawl Stone Soup version 0.30-a0-802-gb92711b (webtiles) character file.

Game seed: 9772077683772373499

1460 Illumine the Cudgeller (level 8, -1/51 HPs)
             Began as a Gargoyle Fighter on Feb 23, 2023.
             Was a Believer of Okawaru.
             Slain by Joseph
             ... wielding a +0 quarterstaff
              (6 damage)
             ... on level 7 of the Dungeon.
             The game lasted 00:08:16 (4103 turns).

Illumine the Cudgeller (Gargoyle Fighter)           Turns: 4103, Time: 00:08:17

Health: -1/51      AC: 15    Str: 22    XL:     8   Next: 76%
Magic:  10/10      EV: 11    Int:  9    God:    Okawaru [**....]
Gold:   156        SH:  5    Dex:  9    Spells: 7/7 levels left

rFire   . . .      SeeInvis .    G - +0 morningstar
rCold   . . .      Faith    +    c - +0 buckler
rNeg    + . .      Spirit   .    b - +0 scale mail
rPois   ∞          Reflect  .    C - +0 helmet
rElec   +          Harm     .    (no cloak)
rCorr   .          Rampage  .    (no gloves)
Will    .....                    (no boots)
Stlth   +                        v - amulet of faith
HPRegen 0.28/turn                (no ring)
MPRegen 0.12/turn                (no ring)

@: heroic
A: sickness immunity, AC +5, negative energy resistance 1, electricity
resistance, torment resistance 1, petrification resistance
a: Renounce Religion, Heroism


You were on level 7 of the Dungeon.
You worshipped Okawaru.
Okawaru was pleased with you.
You visited 2 branches of the dungeon, and saw 9 of its levels.

You collected 156 gold pieces.

Inventory:

Hand Weapons
 G - a +0 morningstar (weapon)
Missiles
 e - 3 boomerangs (quivered)
 i - 52 stones
Armour
 b - a +0 scale mail (worn)
 c - a +0 buckler (worn)
 C - a +0 helmet (worn)
Jewellery
 h - an amulet of regeneration
 u - a +6 ring of intelligence
 v - an amulet of faith (around neck)
 D - a ring of protection from fire
Wands
 x - a wand of polymorph (10)
 B - a wand of quicksilver (1)
Scrolls
 f - 3 scrolls of teleportation
 g - a scroll of identify {unknown}
 j - a scroll of magic mapping {unknown}
 m - a scroll of enchant armour {unknown}
 n - a scroll of blinking
 r - a scroll of brand weapon {unknown}
 s - a scroll of silence {unknown}
 y - a scroll of summoning
 A - a scroll of fog {unknown}
 E - a scroll of amnesia {unknown}
 F - a scroll of vulnerability {unknown}
Potions
 l - a potion of lignification {unknown}
 o - 2 potions of degeneration {unknown}
 p - a potion of cancellation {unknown}
 q - a potion of ambrosia {unknown}
 t - a potion of heal wounds {unknown}
 w - 2 potions of curing {unknown}
 z - 2 potions of magic {unknown}


   Skills:
 + Level 6.2(11.2) Fighting
 * Level 7.3(12.3) Maces & Flails
 + Level 5.7(10.7) Armour
 - Level 4.0(9.0) Shields
 + Level 3.9 Invocations


You had 7 spell levels left.
You didn't know any spells.
Your spell library contained the following spells:

 Spells                   Type           Power      Damage    Failure   Level
 Wereblood                Tmut           0%         N/A       86%         2
 Gell's Gravitas          Tloc           0%         N/A       97%         3
 Teleport Other           Tloc           0%         N/A       97%         3
 Petrify                  Tmut/Erth      0%         N/A       100%        4
 Irradiate                Conj/Tmut      0%         3d11      100%        5
 Dispersal                Tloc           0%         N/A       100%        6
 Sublimation of Blood     Necr           Unusable   N/A       N/A         2
 Summon Hydra             Summ           Unusable   N/A       N/A         7

Dungeon Overview and Level Annotations

Branches:
Dungeon (9/15)             Temple (1/1) D:4
   Lair: D:8-11         Orc: D:9-12

Altars:
Ashenzari
Dithmenos
Kikubaaqudgha
Makhleb
Okawaru
Qazlal
Ru
Uskayaw
Wu Jian
Xom
Yredelemnul
Zin
The Shining One

Annotations:
D:3 Grinder
D:7 Joseph


Innate Abilities, Weirdness & Mutations

You are immune to sickness and miasma.
Your stone body is resilient. (AC +5)
You are immune to poison.
You resist negative energy. (rN+)
You are resistant to electric shocks. (rElec)
You are resistant to unholy torment.
You are immune to petrification.


Message History

Throw: dart (atropa)
Press: ? - help, Q - select action, (/) - cycle Shift-Dir - straight line, f/p - Joseph
Aim: Joseph, wielding a +0 sling and wearing a +0 ring mail (66% to hit, chance to blind on hit: 61%)
You throw an atropa-tipped dart. The atropa-tipped dart hits Joseph.
Joseph appears confused.
Things that are here:
a +1 glaive of flaming; +2 steam dragon scales; 2 atropa-tipped darts Joseph seems less confused.
Joseph unwields a +0 sling.
Joseph wields a +0 quarterstaff.
Joseph closely misses you.
You see here 3 atropa-tipped darts.
You barely miss Joseph. Joseph hits you with a +0 quarterstaff.
You hit Joseph but do no damage. You block Joseph's attack.
You catch the helpless Joseph completely off-guard!
You impale Joseph!!
Joseph is moderately wounded.
Joseph is no longer blind.
Joseph hits you with a +0 quarterstaff!
You closely miss Joseph.
Joseph is moderately wounded.
Joseph closely misses you.
You sock Joseph!
Joseph is heavily wounded.
Joseph closely misses you.
You hit Joseph.
Joseph is heavily wounded.
Joseph hits you with a +0 quarterstaff.
* * * LOW HITPOINT WARNING * * *
Okay, then.
Aiming: Quicksilver Bolt
Press: ? - help, Shift-Dir - straight line, f/p - Joseph
Aim: Joseph, wielding a +0 quarterstaff and wearing a +0 ring mail (heavily wounded, 75% to hit)
The bolt of dispelling energy hits Joseph!
Joseph is severely wounded.
Joseph hits you with a +0 quarterstaff!
* * * LOW HITPOINT WARNING * * *
Aiming: Quicksilver Bolt
Press: ? - help, Shift-Dir - straight line, f/p - Joseph
Aim: Joseph, wielding a +0 quarterstaff and wearing a +0 ring mail (severely wounded, 75% to hit)
The bolt of dispelling energy misses Joseph.
Joseph hits you with a +0 quarterstaff.
You die...

#####
#>..#
#.#.#
#.#)#
#.#@#
#.#@#
#.#(.
#.###.
#.# ##


You could see Joseph.

Vanquished Creatures
  Maggie (D:7)
  Eustachio (D:5)
  A centaur (D:3)
  A phantom (D:4)
  A bullfrog (D:8)
  A necrophage (D:4)
  2 scorpions
  2 jellies (D:4)
  2 orc priests
  A gnoll bouda (D:8)
  2 hounds (D:4)
  3 orc wizards
  Terence (D:2)
  4 iguanas
  Robin (D:2)
  4 gnolls (D:8)
  6 adders
  A white imp (D:5)
  2 worms
  A dart slug (D:4)
  9 orcs
  4 bats
  8 endoplasms
  4 giant cockroaches
  18 goblins
  9 hobgoblins
  3 jackals
  4 quokkas
  6 ball pythons
  4 frilled lizards
  3 kobolds
  5 rats
115 creatures vanquished.

Vanquished Creatures (others)
  A goblin (D:2)
1 creature vanquished.

Grand Total: 116 creatures vanquished

Notes
Turn   | Place    | Note
-------+----------+-------------------------------------------
     0 | D:1      | Illumine the Gargoyle Fighter began the quest for the Orb.
     0 | D:1      | Reached XP level 1. HP: 14/14 MP: 1/1
   372 | D:1      | Reached XP level 2. HP: 17/19 MP: 2/2
   812 | D:2      | Reached XP level 3. HP: 23/23 MP: 3/3
   937 | D:2      | Reached skill level 3 in Maces & Flails
  1062 | D:2      | Noticed Robin
  1120 | D:3      | Reached XP level 4. HP: 29/29 MP: 4/4
  1129 | D:3      | Noticed a centaur
  1141 | D:3      | Killed a centaur
  1142 | D:3      | Reached skill level 4 in Maces & Flails
  1142 | D:3      | Reached XP level 5. HP: 33/33 MP: 5/5
  1269 | D:3      | Noticed Grinder
  1402 | D:4      | Found a staircase to the Ecumenical Temple.
  1414 | D:4      | Reached XP level 6. HP: 39/39 MP: 6/6
  1417 | Temple   | Entered the Ecumenical Temple
  1516 | Temple   | Became a worshipper of Warmaster Okawaru
  1728 | D:4      | Found a basalt altar of Yredelemnul.
  1732 | D:4      | Found a shadowy altar of Dithmenos.
  1741 | D:4      | Reached skill level 5 in Maces & Flails
  1791 | D:4      | Found a shimmering altar of Xom.
  1791 | D:4      | Found a glowing golden altar of the Shining One.
  1798 | D:4      | Found a broken altar of Ashenzari.
  1905 | D:4      | Reached skill level 1 in Invocations
  2235 | D:4      | Reached XP level 7. HP: 19/44 MP: 6/8
  2263 | D:5      | Entered Level 5 of the Dungeon
  2270 | D:5      | Reached skill level 5 in Fighting
  2275 | D:5      | Reached * piety under Okawaru
  2454 | D:5      | Noticed Eustachio
  2822 | D:2      | Killed Robin
  3023 | D:2      | Noticed Terence
  3039 | D:2      | Killed Terence
  3505 | D:5      | Killed Eustachio
  3506 | D:5      | Reached skill level 6 in Maces & Flails
  3549 | D:4      | Reached XP level 8. HP: 50/50 MP: 8/10
  3687 | D:4      | Reached skill level 5 in Armour
  3844 | D:5      | Reached ** piety under Okawaru
  3846 | D:5      | You fall into a shaft and drop 3 floors!
  3902 | D:8      | Found a hide-covered altar of Uskayaw.
  4074 | D:7      | Noticed Maggie
  4078 | D:7      | Noticed Joseph
  4090 | D:7      | Killed Maggie
  4091 | D:7      | Reached skill level 7 in Maces & Flails
  4103 | D:7      | Slain by Joseph

Illustrated notes

Levels and vault maps discovered:
D:1:      dpeg_arrival_radiant, layout_basic
D:2:      layout_rooms, serial_aquarium, aquarium_bridge_straight
          [aquarium_subvault_bridge, aquarium_subvault_balcony,
          aquarium_subvault_bridge, aquarium_subvault_wall], aquarium_window_1,
          aquarium_window_2, aquarium_window_fake, aquarium_window_fake,
          aquarium_view_2b, aquarium_view_2d, kennysheep_generic_room_13,
          uniq_terence, uniq_robin
D:3:      layout_basic, uniq_grinder
D:4:      layout_basic, nicolae_overflow_hallway_of_the_gods,
          minmay_temple_entry_tees
D:5:      layout_loops_ring, uniq_ijyb, uniq_eustachio
D:7:      layout_basic, bloody_trog, bh_walls_and_bars, uniq_maggie,
          uniq_duvessa, uniq_menkaure, uniq_joseph
D:8:      minmay_statue_hallways, layout_basic, elyvilon_altar_1,
          mainiacjoe_overflow_six_doors_small, nicolae_ossuary_entry_monument
D:9:      layout_long_grid, fedhas_altar_1, nemelex_spade_bored_becter,
          st_stairs_7, uniq_psyche
Temple:   minmay_temple_forest_path

Skill      XL: |  1  2  3  4  5  6  7  8 |
---------------+-------------------------+-----
Maces & Flails | 3 4 5 6 7 |  7.3
Fighting       | 4 5 6 |  6.2
Shields        | 4 |  4.0
Armour         | 4 5 |  5.7
Invocations    | 1 2 3 |  3.9

Action                     |  1- 3 |  4- 6 |  7- 9 || total
---------------------------+-------+-------+-------++-------
  Melee: Flail             |   140 |   135 |   127 ||   402
         Morningstar       |       |       |    84 ||    84
  Throw: Boomerang         |       |       |     6 ||     6
         Dart              |       |       |     9 ||     9
 Invoke: Heroism           |       |       |     1 ||     1
  Evoke: Wand              |       |       |     2 ||     2
    Use: Scroll            |     1 |       |     3 ||     4
         Potion            |       |       |     1 ||     1
   Stab: Invisible         |       |       |     6 ||     6
 Armour: Scale mail        |    82 |    87 |   109 ||   278
  Dodge: Dodged            |    59 |    65 |   119 ||   243
  Block: Buckler           |    37 |    26 |    50 ||   113

Table legend: (Time is in decaauts)
 A = Elapsed time spent in this place.
 B = Non-inter-level travel time spent in this place.
 C = Inter-level travel time spent in this place.
 D = Time resting spent in this place.
 E = Time spent auto-exploring this place.
 F = Levels seen in this place.
 G = Mean time per level.
                   A        B        C        D        E       F      G
               +--------+--------+--------+--------+--------+-----+--------+
         Total |   4217 |   4027 |    190 |    738 |   2018 |   9 |  468.6 |
       Dungeon |   4091 |   3926 |    165 |    738 |   1930 |   8 |  511.4 |
        Temple |    125 |    100 |     25 |      0 |     88 |   1 |  125.0 |
               +--------+--------+--------+--------+--------+-----+--------+

Top non-repeatable levels by time:
     D:4: 1164 daAuts
     D:2: 1034 daAuts
     D:1: 798 daAuts
     D:3: 455 daAuts
     D:5: 376 daAuts
     D:8: 232 daAuts
  Temple: 125 daAuts
     D:7: 28 daAuts
     D:9: 1 daAuts
